 Dungeon Sprint DCSS version 0.31-a0-43-g46d131a48f (webtiles) character file.

Game seed: 6788833538531010403

110 rocky1 the Shield-Bearer (level 4, 0/31 HPs)
             Began as a Gargoyle Fighter on May 20, 2023.
             Was a Believer of Okawaru.
             Slain by a wolf (7 damage)
             ... while paralysed by a floating eye
             ... in the Dungeon (Sprint VII: "The Pits").
             The game lasted 00:00:47 (151 turns).

rocky1 the Shield-Bearer (Gargoyle Fighter)          Turns: 151, Time: 00:00:47

Health: 0/31       AC: 10    Str: 21    XL:     4   Next: 91%
Magic:  4/4        EV:  2    Int:  9    God:    Okawaru [**....]
Gold:   0          SH:  0    Dex:  9    Spells: 3/3 levels left

rFire   . . .        a - +0 flail
rCold   . . .        c - +0 buckler
rNeg    + . .        b - +0 scale mail
rPois   ∞            (no helmet)
rElec   +            (no cloak)
rCorr   .            (no gloves)
SInv    .            (no boots)
Will    .....        (no amulet) Stlth
                     (no ring)
HPRegen 0.25/turn    (no ring)
MPRegen 0.09/turn

%: no teleportation
@: paralysed
A: sickness immunity, AC +3, negative energy resistance 1, electricity
resistance, torment resistance 1, petrification resistance
a: Renounce Religion, Heroism


You were in the Dungeon.
You worshipped Okawaru.
Okawaru was pleased with you.
You visited 1 branch

Inventory:

Hand Weapons
 a - a +0 flail (weapon)
Armour
 b - a +0 scale mail (worn)
 c - a +0 buckler (worn)
Scrolls
 j - a scroll of blinking
 l - 5 scrolls of amnesia
Potions
 d - a potion of might
 e - a potion of curing
 f - a potion of heal wounds
 g - a potion of haste
 h - 4 potions of magic
 i - 3 potions of berserk rage
 k - 2 potions of invisibility


   Skills:
 + Level 5.0 Fighting
 * Level 5.2 Maces & Flails
 + Level 5.0 Armour
 + Level 2.5 Dodging
 * Level 6.3 Shields


You had 3 spell levels left.
You didn't know any spells.
Your spell library was empty.

Dungeon Overview and Level Annotations

Branches:
Dungeon (1/1)

Altars:
Ashenzari
Cheibriados
Dithmenos
Elyvilon
Fedhas
Gozag
Hepliaklqana
Kikubaaqudgha
Makhleb
Nemelex Xobeh
Okawaru
Qazlal
Ru
Sif Muna
Trog
Uskayaw
Vehumet
Wu Jian
Xom
Yredelemnul
Zin
The Shining One
Jiyva
Lugonu


Innate Abilities, Weirdness & Mutations

You are immune to sickness and miasma.
Your stone body is resilient. (AC +3)
You are immune to poison.
You resist negative energy. (rN+)
You are resistant to electric shocks. (rElec)
You are resistant to unholy torment.
You are immune to petrification.


Message History

The bat closely misses you.
There is an open door here.
You barely miss the bat. You block the bat's attack.
You sock the wolf!
The wolf is heavily wounded.
The wolf pauses to sniff the ground.
The wolf bites you. The wolf bites you but does no damage.
You closely miss the wolf.
The wolf is heavily wounded.
You block the wolf's attack. The wolf bites you but does no damage.
Unknown command.
You barely miss the wolf.
The wolf is heavily wounded.
The wolf bites you but does no damage. The floating eye's view fixates on you.
The wolf bites you but does no damage.
The floating eye gazes piercingly through you!
You suddenly lose the ability to move!
The wolf bites you. x2
The floating eye seems to glare at you. The wolf bites you. x2
You can move again.
Unknown command.
Unknown command.
You barely miss the wolf.
The wolf is heavily wounded.
The wolf bites you but does no damage. The wolf bites you.
You hit the wolf but do no damage.
The wolf is heavily wounded.
The wolf misses you.
Unknown command.
You closely miss the wolf.
The wolf is heavily wounded.
The wolf bites you but does no damage. The wolf bites you!
* * * LOW HITPOINT WARNING * * *
The floating eye gazes piercingly through you!
You suddenly lose the ability to move!
The wolf bites you.
* * * LOW HITPOINT WARNING * * *
The wolf bites you!
You die...

#.?(.')))'.##......#..#
##########.##..........
#..........)'..........
#+#####'#####......#..#
#...).# #..........
#.....# ####'#####+
###†### #.......#
#.....# #.......#
#...@.# #.......#
####h## #...<...#
#..bsG...##.......#
#......G.##.......#
###########.......#
#########


You could see a wolf, a scorpion, a floating eye and a bat.

Vanquished Creatures
  A floating eye (D)
  An orc (D)
  4 jackals (D)
  A ball python zombie (D)
  A goblin (D)
8 creatures vanquished.

Notes
Turn   | Place    | Note
-------+----------+-------------------------------------------
     0 | D        | rocky1 the Gargoyle Fighter began the quest for the Orb.
     0 | D        | Reached XP level 1. HP: 14/14 MP: 1/1
    25 | D        | Found a bloodstained altar of Trog.
    25 | D        | Found a shimmering blue altar of Sif Muna.
    25 | D        | Found a viscous altar of Jiyva.
    25 | D        | Found a hazy altar of Hepliaklqana.
    25 | D        | Found an opulent altar of Gozag.
    26 | D        | Found a glowing golden altar of the Shining One.
    26 | D        | Found a glowing silver altar of Zin.
    26 | D        | Found a basalt altar of Yredelemnul.
    26 | D        | Found a shimmering altar of Xom.
    26 | D        | Found an ornate altar of the Wu Jian Council.
    26 | D        | Found a sacrificial altar of Ru.
    26 | D        | Found a stormy altar of Qazlal.
    26 | D        | Found an iron altar of Okawaru.
    26 | D        | Found a sparkling altar of Nemelex Xobeh.
    26 | D        | Found a burning altar of Makhleb.
    26 | D        | Found a blossoming altar of Fedhas.
    26 | D        | Found a white marble altar of Elyvilon.
    26 | D        | Found a shadowy altar of Dithmenos.
    26 | D        | Found a snail-covered altar of Cheibriados.
    28 | D        | Found a radiant altar of Vehumet.
    28 | D        | Found a corrupted altar of Lugonu.
    29 | D        | Found a hide-covered altar of Uskayaw.
    29 | D        | Found an ancient bone altar of Kikubaaqudgha.
    29 | D        | Found a broken altar of Ashenzari.
    34 | D        | Became a worshipper of Warmaster Okawaru
    80 | D        | Noticed a floating eye
    83 | D        | Paralysed by a floating eye for 3 turns
    87 | D        | Killed a floating eye
    87 | D        | Reached * piety under Okawaru
    87 | D        | Reached ** piety under Okawaru
    88 | D        | Reached skill level 5 in Fighting
    88 | D        | Reached skill level 5 in Maces & Flails
    88 | D        | Reached skill level 6 in Shields
    88 | D        | Reached XP level 2. HP: 21/21 MP: 2/2
    88 | D        | Reached XP level 3. HP: 26/26 MP: 3/3
    88 | D        | Reached XP level 4. HP: 31/31 MP: 4/4
   103 | D        | Reached skill level 5 in Armour
   140 | D        | Noticed a scorpion
   140 | D        | Noticed a wolf
   140 | D        | Noticed a floating eye
   145 | D        | Paralysed by a floating eye for 3 turns
   150 | D        | Paralysed by a floating eye for 3 turns
   151 | D        | Slain by a wolf

Illustrated notes

Levels and vault maps discovered:
D:        pitsprint [storerooms_1, entrance_room_1, metal_vault_3, armoury_2,
          mini_pit_1, grid_room_1, main_hall_1, silver_pit, the_coven_3,
          the_vestibule_1, steel_vault_2, golden_pit, hallway_of_sentries,
          crystal_vault_3, iron_vault_2, final_vault]

Skill      XL: |  1  2  3  4 |
---------------+-------------+-----
Fighting       | 5 |  5.0
Maces & Flails | 5 |  5.2
Armour         | 4 5 |  5.0
Dodging        | 2 |  2.5
Shields        | 6 |  6.3

Action                     |  1- 3 |  4- 6 || total
---------------------------+-------+-------++-------
  Melee: Flail             |    13 |    20 ||    33
 Armour: Scale mail        |     4 |    18 ||    22
  Dodge: Dodged            |     4 |    17 ||    21
  Block: Buckler           |     2 |    12 ||    14

Table legend: (Time is in decaauts)
 A = Elapsed time spent in this place.
 B = Non-inter-level travel time spent in this place.
 C = Inter-level travel time spent in this place.
 D = Time resting spent in this place.
 E = Time spent auto-exploring this place.
 F = Levels seen in this place.
 G = Mean time per level.
                   A        B        C        D        E       F      G
               +--------+--------+--------+--------+--------+-----+--------+
         Total |    158 |    158 |      0 |     34 |      0 |   1 |  158.0 |
       Dungeon |    158 |    158 |      0 |     34 |      0 |   1 |  158.0 |
               +--------+--------+--------+--------+--------+-----+--------+

Top non-repeatable levels by time:
       D: 158 daAuts
